 Dungeon Crawl Stone Soup version 0.20.1-1-g8b1a95d66d (webtiles) character file.

31502 Jerry the Carver (level 13, -7/104 HPs)
             Began as a Merfolk Fighter on Nov 15, 2017.
             Was the Champion of Okawaru.
             Hit by a tomahawk thrown by a spriggan rider (11 damage)
             ... on level 6 of the Lair of Beasts.
             The game lasted 00:53:34 (18938 turns).

Jerry the Carver (Merfolk Fighter)                 Turns: 18938, Time: 00:53:35

Health: -7/104     AC: 21    Str: 22    XL:     13   Next: 58%
Magic:  19/19      EV: 15    Int: 25    God:    Okawaru [******]
Gold:   750        SH:  2    Dex:  9    Spells: 12/12 levels left

rFire    . . .     SeeInvis +   S - +9 falchion of the Badger {slice, rPois MR++ Int+4 SInv}
rCold    . . .     Gourm    .   (no shield)
rNeg     + + +     Faith    .   J - +0 chain mail of the Furies {rN+++ Int+4 Dex-5 Slay+3}
rPois    +         Spirit   .   c - +3 hat of Okawaru's Hope {rElec Int+7}
rElec    +         Reflect  +   y - +2 cloak {+Inv}
rCorr    .         Harm     .   K - +0 pair of gloves of Existentialism {Str+2}
MR       ++...                  (no boots)
Stlth    ..........             i - +2 amulet of reflection
Regen    0.3/turn               x - +2 ring of evasion
MPRegen  0.2/turn               z - ring of wizardry

@: no status effects
A: change form in water, swift swim, stealthy swim, horns 1, yellow scales 1,
clever 1, deterioration 1, sense surroundings 1, screaming 1, sturdy frame 1
a: Heroism, Finesse, Renounce Religion, Evoke Invisibility


You were on level 6 of the Lair of Beasts.
You worshipped Okawaru.
Okawaru was exalted by your worship.
You were not hungry.

You visited 2 branches of the dungeon, and saw 15 of its levels.

You collected 899 gold pieces.
You spent 149 gold pieces at shops.

Inventory:

Hand Weapons
 a - a +1 long sword
 b - the +6 falchion "Nophurem" {flame, rF+}
   (You found it on level 4 of the Lair of Beasts)

   It has been specially enchanted to burn those struck by it, causing extra
   injury to most foes and up to half again as much damage against particularly
   susceptible opponents.
   Big, fiery blades are also staple armaments of hydra-hunters.
   It protects you from fire.
 S - the +9 falchion of the Badger (weapon) {slice, rPois MR++ Int+4 SInv}
   (You found it on level 1 of the Lair of Beasts)

   It inflicts extra damage upon your enemies.
   It affects your intelligence (+4).
   It protects you from poison.
   It affects your resistance to hostile enchantments.
   It lets you see invisible.
Armour
 c - the +3 hat of Okawaru's Hope (worn) {rElec Int+7}
   (Okawaru gifted it to you on level 5 of the Lair of Beasts)

   It affects your intelligence (+7).
   It insulates you from electricity.
 t - a +2 shield
 y - a +2 cloak of invisibility (worn)
 J - the +0 chain mail of the Furies (worn) {rN+++ Int+4 Dex-5 Slay+3}
   (You found it on level 5 of the Dungeon)

   It affects your intelligence (+4).
   It affects your dexterity (-5).
   It affects your accuracy and damage with ranged weapons and melee attacks
   (+3).
   It renders you almost immune to negative energy.
 K - the +0 pair of gloves of Existentialism (worn) {Str+2}
   (Okawaru gifted it to you on level 9 of the Dungeon)

   It affects your strength (+2).
 M - a +2 cloak of poison resistance
 Z - a +0 buckler
Jewellery
 i - a +2 amulet of reflection (around neck)
 x - a +2 ring of evasion (left hand)
 z - a ring of wizardry (right hand)
 W - an uncursed ring of protection from cold
Wands
 l - a wand of acid (3/15)
 G - a wand of paralysis (16/24)
 O - a wand of digging (13/24)
 P - a wand of iceblast (3/15)
Scrolls
 d - 4 scrolls of remove curse
 e - a scroll of enchant weapon
 j - a scroll of fog
 p - 3 scrolls of magic mapping {unknown}
 u - 5 scrolls of recharging
 A - a scroll of teleportation
 B - 5 scrolls of identify
 C - 3 scrolls of blinking
 D - a scroll of noise {unknown}
 E - 3 scrolls of fear {unknown}
 F - 2 scrolls of amnesia {unknown}
 L - 2 scrolls of enchant armour {unknown}
 N - 2 scrolls of summoning {unknown}
 T - a scroll of vulnerability {unknown}
Potions
 h - a potion of flight {unknown}
 k - 2 potions of magic {unknown}
 m - 2 potions of heal wounds {unknown}
 n - 5 potions of brilliance {unknown}
 o - 2 potions of resistance {unknown}
 q - 3 potions of mutation {unknown}
 s - 2 potions of invisibility {unknown}
 v - a potion of might
 w - a potion of ambrosia {unknown}
 I - 8 potions of curing {unknown}
 R - 3 potions of lignification {unknown}
 U - 2 potions of agility {unknown}
 V - a potion of cancellation {unknown}
 X - a potion of berserk rage
 Y - 2 potions of experience {unknown}
Comestibles
 f - 11 bread rations
 g - 14 meat rations
 r - 17 fruits
 H - 8 royal jellies
 Q - 4 chunks of flesh


   Skills:
 - Level 10.7 Fighting
 + Level 13.0 Long Blades
 + Level 9.7 Armour
 - Level 11.8 Dodging
 * Level 3.5 Shields
 - Level 8.6 Invocations


You had 12 spell levels left.
You didn't know any spells.

Dungeon Overview and Level Annotations

Branches:
Dungeon (9/15)             Temple (0/1) D:5            Lair (6/6) D:9
 Shoals (0/4) Lair:4       Spider (0/4) Lair:4
  Slime: Lair:5-6       Orc: D:9-12

Altars:
Ashenzari
Elyvilon
Fedhas
Hepliaklqana
Makhleb
Nemelex Xobeh
Okawaru
Ru
Sif Muna
Trog
Zin
Beogh

Shops:
D:6 *


Innate Abilities, Weirdness & Mutations

You revert to your normal form in water.
You are very nimble and swift while swimming.
You are very stealthy in the water. (Stealth+)
You have a pair of small horns on your head.
You are partially covered in yellow scales. (AC +2)
Your mind is acute. (Int +2)
Your body sometimes deteriorates upon taking damage.
You passively map a small area around you.
You occasionally shout uncontrollably at your foes.
Your movements are slightly less encumbered by armour. (ER -2)


Message History

The dire elephant is almost dead.
The dire elephant tramples you!!
* * * LOW HITPOINT WARNING * * *
You stumble backwards!
You slash the dire elephant!
You kill the dire elephant!
Okawaru accepts your kill.
Your Long Blades skill increases to level 13!
You slash the worker ant!
The worker ant is heavily wounded.
The worker ant misses you.
You riposte.
You slash the worker ant!
You kill the worker ant!
Okawaru accepts your kill.
You start resting.
A spriggan rider comes into view. It is wielding a spear.
The spriggan rider shouts!
A basilisk comes into view.
The basilisk hisses angrily.
The spriggan rider throws a tomahawk.
The tomahawk hits you!
You die...

.P.#.....##....# #....# *,
..........#.iP.###...###
,,
...........#.###........ *
,..............##.#......
, .............)..........
, ,
........................
.........†............## ,
. ##.....#.....#.....### ,
..##.....@###..###.....#*
*..PPP.....###.#........#,
* ..PP......#P...†.#.....#
.........#...)†......... ,
,...#....#÷....##....#.P.
.###l.........###.....#. *
...........###.## #...##..
#..#PP.....#*##.#*#...≈###
#, #PP....##, #.. ...≈#


You could see a spriggan rider and a basilisk.

Vanquished Creatures
  A dire elephant (Lair:6)
  3 hydras (Lair:4)
  4 two-headed ogres
  A death yak (Lair:6)
  Pikel (D:8)
  5 elephants (Lair:4)
  Joseph (D:7)
  A merfolk siren (Lair:4)
  5 black mambas
  A torpor snail (Lair:6)
  3 komodo dragons
  8 spiny frogs
  A rime drake (Lair:6)
  Prince Ribbit (D:7)
  A hornet (D:8)
  Grinder (D:4)
  3 hippogriffs
  2 spriggans (Lair:6)
  3 wyverns
  A redback (Lair:4)
  3 hogs (D:7)
  A human (D:7)
  41 yaks
  Eustachio (D:6)
  A basilisk (Lair:2)
  Edmund (D:5)
  Menkaure (D:4)
  9 water moccasins
  6 porcupines
  5 orc warriors
  A black bear (Lair:1)
  2 ice beasts
  2 phantoms
  A slave (D:8)
  3 ogres
  2 sky beasts
  20 wolves
  A necrophage (D:9)
  2 centaurs
  5 crocodiles
  A big kobold (D:8)
  Blork the orc (D:5)
  7 bullfrogs
  A scorpion (D:8)
  A water moccasin skeleton (D:5)
  4 killer bees (D:9)
  2 howler monkeys
  A crimson imp (D:8)
  2 centaur zombies
  4 hounds
  A bullfrog skeleton (D:9)
  A jelly (D:9)
  3 orc priests
  2 iguanas
  12 orc wizards
  13 worker ants
  2 killer bee zombies
  A hound zombie (D:6)
  A worker ant zombie (D:7)
  6 gnolls
  15 adders
  2 oozes
  6 adder skeletons
  An adder zombie (D:6)
  2 worms (D:2)
  3 dart slugs
  5 leopard geckos
  41 orcs
  A ball python (D:2)
  5 giant cockroaches
  6 goblins
  9 hobgoblins
  19 jackals
  5 quokkas
  12 bats
  5 frilled lizards (D:1)
  22 kobolds
  A leopard gecko zombie (D:6)
  A quokka zombie (D:7)
  6 rats
  A plant (Lair:5)
389 creatures vanquished.

Vanquished Creatures (others)
  Nessos (Lair:5)
  Sigmund (D:5)
  A bullfrog (D:7)
  A bullfrog skeleton (D:5)
  An orc wizard (D:8)
  2 gnolls (D:8)
  A quokka (D:5)
  9 fungi
  10 plants
27 creatures vanquished.

Grand Total: 416 creatures vanquished

Notes
Turn   | Place    | Note
-------+----------+-------------------------------------------
     0 | D:1      | Jerry the Merfolk Fighter began the quest for the Orb.
     0 | D:1      | Reached XP level 1. HP: 18/18 MP: 1/1
   145 | D:1      | Reached XP level 2. HP: 24/24 MP: 2/2
   390 | D:1      | Reached skill level 1 in Dodging
   791 | D:1      | Reached XP level 3. HP: 30/30 MP: 3/3
  1126 | D:2      | Reached skill level 3 in Long Blades
  1191 | D:2      | Reached XP level 4. HP: 21/37 MP: 4/4
  1398 | D:2      | Found a sparkling altar of Nemelex Xobeh.
  1753 | D:2      | Found a bloodstained altar of Trog.
  1753 | D:2      | Found an iron altar of Okawaru.
  1754 | D:2      | Found a blossoming altar of Fedhas.
  1756 | D:2      | Found a deep blue altar of Sif Muna.
  1757 | D:2      | Found a burning altar of Makhleb.
  1986 | D:2      | Became a worshipper of Warmaster Okawaru
  2062 | D:3      | Found a white marble altar of Elyvilon.
  2480 | D:3      | Reached XP level 5. HP: 42/42 MP: 5/5
  2514 | D:3      | Reached skill level 1 in Invocations
  3242 | D:4      | Noticed Menkaure
  3246 | D:4      | Killed Menkaure
  3246 | D:4      | Reached skill level 4 in Long Blades
  3246 | D:4      | Reached XP level 6. HP: 18/48 MP: 2/7
  3805 | D:4      | Found a hazy altar of Hepliaklqana.
  4062 | D:4      | Reached * piety under Okawaru
  4062 | D:4      | Reached XP level 7. HP: 19/54 MP: 2/9
  4538 | D:4      | You fall through a shaft for 3 floors!
  4565 | D:7      | Noticed a two-headed ogre
  4573 | D:7      | Noticed Joseph
  4669 | D:6      | Noticed Eustachio
  4675 | D:6      | Found a shattered altar of Ashenzari.
  4715 | D:6      | Killed Eustachio
  4715 | D:6      | Reached skill level 5 in Long Blades
  4880 | D:6      | Found Livaigg's General Store.
  4895 | D:6      | Bought a scroll of teleportation for 39 gold pieces
  4895 | D:6      | Bought a scroll of random uselessness for 13 gold pieces
  4895 | D:6      | Bought a scroll of blinking for 97 gold pieces
  4916 | D:5      | Entered Level 5 of the Dungeon
  4916 | D:5      | Noticed Blork the orc
  4918 | D:5      | Noticed Grinder
  5260 | D:4      | Reached skill level 5 in Dodging
  5538 | D:5      | Reached XP level 8. HP: 55/60 MP: 10/10
  5542 | D:5      | Paralysed by Grinder for 6 turns
  5543 | D:5      | Killed Sigmund
  5553 | D:4      | Paralysed by Grinder for 3 turns
  5559 | D:4      | Killed Grinder
  5559 | D:4      | Reached ** piety under Okawaru
  5855 | D:5      | Noticed Edmund
  5878 | D:5      | Killed Edmund
  5885 | D:5      | Killed Blork the orc
  5885 | D:5      | Reached skill level 6 in Long Blades
  6099 | D:5      | Reached skill level 5 in Invocations
  6116 | D:5      | Found a glowing silver altar of Zin.
  6188 | D:5      | Found a staircase to the Ecumenical Temple.
  6255 | D:5      | Got a bloodstained chain mail
  6256 | D:5      | Identified the +0 chain mail of the Furies {rN+++ Int+4 Dex-5 Slay+3} (You found it on level 5 of the Dungeon)
  7093 | D:6      | Reached XP level 9. HP: 50/65 MP: 12/12
  7560 | D:7      | Reached skill level 5 in Armour
  7865 | D:7      | Reached skill level 7 in Long Blades
  7875 | D:7      | Reached *** piety under Okawaru
  8099 | D:7      | Noticed Prince Ribbit
  8117 | D:7      | Killed Prince Ribbit
  8364 | D:7      | Killed a two-headed ogre
  8364 | D:7      | Reached **** piety under Okawaru
  8364 | D:7      | Reached skill level 8 in Long Blades
  8670 | D:7      | Gained mutation: Your body sometimes deteriorates upon taking damage. [mutagenic meat]
  8671 | D:7      | Gained mutation: You occasionally shout uncontrollably at your foes. [mutagenic meat]
  8672 | D:7      | Gained mutation: Your mind is acute. (Int +2) [mutagenic meat]
  8673 | D:7      | Gained mutation: You passively map a small area around you. [mutagenic meat]
  8674 | D:7      | Gained mutation: You have a pair of small horns on your head. [mutagenic meat]
  8675 | D:7      | Gained mutation: You are partially covered in yellow scales. (AC +2) [mutagenic meat]
  8834 | D:7      | Killed Joseph
  8834 | D:7      | Reached XP level 10. HP: 26/71 MP: 10/13
  9182 | D:7      | Reached ***** piety under Okawaru
  9187 | D:7      | Reached skill level 9 in Long Blades
  9198 | D:7      | Reached skill level 10 in Dodging
  9402 | D:8      | Gained mutation: Your movements are slightly less encumbered by armour. (ER -2) [mutagenic meat]
  9579 | D:8      | Noticed Pikel
  9612 | D:8      | Killed Pikel
 10170 | D:8      | Found a sacrificial altar of Ru.
 10331 | D:9      | Reached skill level 5 in Fighting
 10352 | D:9      | Received a gift from Okawaru
 10355 | D:9      | Got a pair of faintly humming gloves {god gift}
 10366 | D:9      | Identified the +0 pair of gloves of Existentialism {Str+2} (Okawaru gifted it to you on level 9 of the Dungeon)
 10471 | D:9      | Noticed a two-headed ogre
 10486 | D:9      | Killed a two-headed ogre
 10715 | D:9      | Reached XP level 11. HP: 81/81 MP: 14/14
 10745 | D:9      | Found a staircase to the Lair.
 10768 | D:9      | Noticed a two-headed ogre
 10777 | D:9      | Killed a two-headed ogre
 10777 | D:9      | Reached skill level 10 in Long Blades
 10993 | D:9      | Found a runed door.
 11439 | D:9      | Noticed a two-headed ogre
 11451 | D:9      | Killed a two-headed ogre
 12078 | D:9      | Found a roughly hewn altar of Beogh.
 12129 | Lair:1   | Entered Level 1 of the Lair of Beasts
 12725 | Lair:1   | Got an ebony falchion
 12734 | Lair:1   | Identified the +9 falchion of the Badger {slice, rPois MR++ Int+4 SInv} (You found it on level 1 of the Lair of Beasts)
 13565 | Lair:2   | Reached skill level 11 in Long Blades
 13582 | Lair:2   | Reached ****** piety under Okawaru
 13582 | Lair:2   | Reached XP level 12. HP: 75/92 MP: 16/16
 15486 | Lair:4   | Got a transparent falchion
 15663 | Lair:4   | Noticed an eight-headed hydra
 15674 | Lair:4   | Received a gift from Okawaru
 15685 | Lair:4   | Killed an eight-headed hydra
 16044 | Lair:4   | Found a hole to the Spider Nest.
 16316 | Lair:4   | Found a staircase to the Shoals.
 16413 | Lair:4   | Noticed a five-headed hydra
 16425 | Lair:4   | Killed a five-headed hydra
 16425 | Lair:4   | Reached skill level 12 in Long Blades
 16426 | Lair:4   | Identified the +6 falchion "Nophurem" {flame, rF+} (You found it on level 4 of the Lair of Beasts)
 16608 | Lair:4   | Noticed a five-headed hydra
 16637 | Lair:4   | Killed a one-headed hydra
 16862 | Lair:4   | Reached XP level 13. HP: 89/102 MP: 19/19
 17740 | Lair:5   | Reached skill level 10 in Fighting
 17769 | Lair:5   | Noticed Nessos
 17783 | Lair:5   | Killed Nessos
 18418 | Lair:5   | Received a gift from Okawaru
 18426 | Lair:5   | Got a heavily runed hat {god gift}
 18432 | Lair:5   | Identified the +3 hat of Okawaru's Hope {rElec Int+7} (Okawaru gifted it to you on level 5 of the Lair of Beasts)
 18520 | Lair:6   | Entered Level 6 of the Lair of Beasts
 18564 | Lair:6   | Noticed an entropy weaver
 18568 | Lair:6   | Noticed an entropy weaver
 18915 | Lair:6   | Noticed a dire elephant
 18929 | Lair:6   | HP: 2/104 [dire elephant (22)]
 18930 | Lair:6   | Killed a dire elephant
 18930 | Lair:6   | Reached skill level 13 in Long Blades
 18938 | Lair:6   | Hit by a tomahawk thrown by a spriggan rider

Skill      XL: |  1  2  3  4  5  6  7  8  9 10 11 12 13 |
---------------+----------------------------------------+-----
Dodging        | 1 2 3 4 5 6 9 10 11 | 11.8
Long Blades    | 3 4 5 6 8 9 11 12 13 | 13.0
Fighting       | 4 5 7 9 10 | 10.7
Invocations    | 2 3 5 6 8 |  8.6
Armour         | 3 4 6 7 8 9 |  9.7
Shields        | |  3.5

Action                   |  1- 3 |  4- 6 |  7- 9 | 10-12 | 13-15 || total
-------------------------+-------+-------+-------+-------+-------++-------
Melee: Long sword        |   115 |   193 |   361 |   378 |       ||  1047
       Headbutt          |       |       |     3 |   158 |    50 ||   211
       Falchion          |       |       |       |   279 |   180 ||   459
       Rapier            |       |       |       |    14 |       ||    14
       Tailslap          |       |       |       |     2 |       ||     2
Invok: Heroism           |       |       |       |     1 |     1 ||     2
       Finesse           |       |       |       |       |     1 ||     1
Evoke: Wand              |       |       |     5 |       |       ||     5
  Use: Scroll            |     1 |     5 |     3 |     6 |     1 ||    16
       Potion            |       |       |     1 |     1 |       ||     2
  Eat: Chunk             |     1 |    10 |    19 |    26 |     5 ||    61
       Royal jelly       |       |       |     1 |       |       ||     1
       Fruit             |       |       |       |     2 |     2 ||     4
Armor: Scale mail        |    76 |    94 |    75 |       |       ||   245
       Chain mail        |       |       |    58 |   234 |    53 ||   345
Dodge: Dodged            |    73 |   134 |   320 |   449 |    99 ||  1075
Block: Other             |     7 |    12 |    36 |    46 |     6 ||   107
       Reflection        |       |       |       |     1 |     1 ||     2
       Rpst.: Long sword |    23 |    52 |    94 |    64 |       ||   233
       Falchion          |       |       |       |    41 |    31 ||    72
